AoeStats
← danjo

Nomad

503334890Analyzed
1v1 RM · 1mo ago on Aug 31, 2026· 23m 58s· 2 players
Game mode
Random Map
Map size
126×126
Population
200
Speed
Normal
Resources
Standard
Victory
Conquest
Starting age
Dark Age
Ending age
Imperial Age
RankedLock teamsTeams togetherTeam positionsShared explorationLock speedFull tech treeHidden civsTurbo modeCheats
Victory
Defeat
🇩🇪 Malians · Germany
986
+15
🇵🇪 Chinese · Peru
958
-15
TheBiper
2:57 Loom
12:52 Feudal Age
15:16 Fletching
16:03 Padded Archer Armor
danjo
13:46 Feudal Age
19:30 Castle Age
19:19 Scale Barding Armor
19:26 Forging
Connection lost

Rejoining the realm…

Still unreachable

The connection could not be restored.

Session expired

The server has moved on; the page needs a fresh start.